 Dungeon Crawl Stone Soup version 0.29-a0-1027-gcd8c55af63 (webtiles) character file.

Game seed: 12914799697668908705

56 timneilson the Shield-Bearer (level 3, 0/24 HPs)
             Began as a Gargoyle Fighter on Aug 13, 2022.
             Slain by a worm (7 damage)
             ... on level 3 of the Dungeon.
             The game lasted 00:02:15 (2170 turns).

timneilson the Shield-Bearer (Gargoyle Fighter)     Turns: 2170, Time: 00:02:16

Health: 0/24       AC: 10    Str: 21    XL:     3   Next: 95%
Magic:  0/3        EV:  9    Int:  8    God:
Gold:   198        SH:  4    Dex:  9    Spells: 2/2 levels left

rFire   . . .      SeeInvis .   a - +0 long sword
rCold   . . .      Faith    .   c - +0 buckler
rNeg    + . .      Spirit   +   b - +0 scale mail
rPois   ∞          Reflect  .   (no helmet)
rElec   +          Harm     .   (no cloak)
rCorr   .          Rampage  .   (no gloves)
Will    +....                   (no boots)
Stlth   ..........              h - amulet of guardian spirit
HPRegen 0.08/turn               f - ring of willpower
MPRegen 0.08/turn               (no ring)

@: no status effects
A: sickness immunity, AC +3, negative energy resistance 1, electricity
resistance, torment resistance 1, petrification resistance
a: no special abilities


You were on level 3 of the Dungeon.
You visited 1 branch of the dungeon, and saw 3 of its levels.

You collected 198 gold pieces.

Inventory:

Hand Weapons
 a - a +0 long sword (weapon)
Missiles
 m - 2 throwing nets (quivered)
Armour
 b - a +0 scale mail (worn)
 c - a +0 buckler (worn)
Jewellery
 f - a ring of willpower (left hand)
 h - an amulet of guardian spirit (around neck)
Scrolls
 k - a scroll of identify
Potions
 d - 3 potions of might
 e - 3 potions of curing
 g - a potion of lignification {unknown}
 i - 2 potions of brilliance
 j - a potion of mutation {unknown}
 n - a potion of invisibility {unknown}


   Skills:
 + Level 3.8 Fighting
 + Level 2.3 Long Blades
 + Level 3.8 Armour
 + Level 3.8 Shields


You had 2 spell levels left.
You didn't know any spells.
Your spell library contained the following spells:

 Spells                   Type           Power      Damage    Failure   Level
 Foxfire                  Conj/Fire      0%         2x1d4     83%         1
 Necrotise                Necr           0%         1d4       83%         1
 Conjure Flame            Conj/Fire      0%         6-21      99%         3
 Inner Flame              Hex/Fire       0%         N/A       99%         3
 Vampiric Draining        Necr           0%         2d6       99%         3
 Flame Wave               Conj/Fire      0%         2d4       100%        4
 Agony                    Necr           0%         N/A       100%        5


Dungeon Overview and Level Annotations

Branches:
Dungeon (3/15)

Altars:


Innate Abilities, Weirdness & Mutations

You are immune to sickness and miasma.
Your stone body is resilient. (AC +3)
You are immune to poison.
You resist negative energy. (rN+)
You are resistant to electric shocks. (rElec)
You are resistant to unholy torment.
You are immune to petrification.


Message History

a +0 dagger; a +0 chain mail
There is a stone staircase leading up here.
You hit the worm.
The worm is lightly wounded.
The worm bites you.
You hit the worm but do no damage.
The worm is lightly wounded.
You block the worm's attack.
You hit the worm.
The worm is moderately wounded.
The worm bites you.
You are too injured to fight recklessly!
You are too injured to fight recklessly!
You are too injured to fight recklessly!
You are too injured to fight recklessly!
You are too injured to fight recklessly!
You are too injured to fight recklessly!
You are too injured to fight recklessly!
You are too injured to fight recklessly!
You are too injured to fight recklessly!
You are too injured to fight recklessly!
You are too injured to fight recklessly!
You are too injured to fight recklessly!
You are too injured to fight recklessly!
You are too injured to fight recklessly!
You are too injured to fight recklessly!
You are too injured to fight recklessly!
You hit the worm but do no damage.
The worm is moderately wounded.
The worm bites you.
* * * LOW HITPOINT WARNING * * *
You hit the worm.
The worm is heavily wounded.
You barely miss the worm.
The worm is heavily wounded.
The worm bites you but does no damage.
You slash the worm!
The worm is almost dead.
The worm bites you!
You die...

#....... #......
#.....# #.....#
#.....# #.....#
#.w...#
####.@...#
#........#
#........#
#..†.)...#
#....)...#
#...†....#
#######........#
#..............#
#.......########


You could see a worm.

Vanquished Creatures
  3 worms (D:2)
  A dart slug (D:1)
  5 orcs
  3 bats
  2 endoplasms (D:1)
  3 giant cockroaches (D:2)
  2 goblins (D:1)
  3 hobgoblins
  6 kobolds
  2 quokkas (D:2)
  4 ball pythons
  A frilled lizard (D:1)
  2 rats (D:3)
37 creatures vanquished.

Notes
Turn   | Place    | Note
-------+----------+-------------------------------------------
     0 | D:1      | timneilson the Gargoyle Fighter began the quest for the
                  | Orb.
     0 | D:1      | Reached XP level 1. HP: 14/14 MP: 1/1
   400 | D:1      | Reached XP level 2. HP: 19/19 MP: 2/2
  1008 | D:2      | Reached XP level 3. HP: 21/23 MP: 3/3
  2170 | D:3      | Slain by a worm

Illustrated notes

Levels and vault maps discovered:
D:1:      dpeg_arrival_rooms_c, layout_rooms, hex_large,
          hangedman_decor_diamond_cutter
D:2:      layout_basic, kennysheep_cross_room
D:3:      layout_basic

Skill      XL: |  1 |
---------------+----+-----
Long Blades    | 2 |  2.3
Fighting       | |  3.8
Armour         | |  3.8
Shields        | |  3.8

Action                   || total
-------------------------++-------
Melee: Long sword        ||   170
  Use: Scroll            ||     3
Armor: Scale mail        ||    91
Dodge: Dodged            ||    73
Block: Buckler           ||    37

Table legend: (Time is in decaauts)
 A = Elapsed time spent in this place.
 B = Non-inter-level travel time spent in this place.
 C = Inter-level travel time spent in this place.
 D = Time resting spent in this place.
 E = Time spent auto-exploring this place.
 F = Levels seen in this place.
 G = Mean time per level.
                   A        B        C        D        E       F      G
               +--------+--------+--------+--------+--------+-----+--------+
         Total |   2225 |   2137 |     88 |      0 |   1780 |   3 |  741.7 |
       Dungeon |   2225 |   2137 |     88 |      0 |   1780 |   3 |  741.7 |
               +--------+--------+--------+--------+--------+-----+--------+

Top non-repeatable levels by time:
     D:2: 1332 daAuts
     D:1: 803 daAuts
     D:3: 89 daAuts
